AoeStats
← plt143

Arabia

509558875Analyzed
1v1 RM · 6d ago on Sep 27, 2026· 22m 58s· 2 players
Game mode
Random Map
Map size
Tiny (2 player)
Population
200
Speed
Normal
Resources
Standard
Victory
Conquest
Starting age
Dark Age
Ending age
Imperial Age
RankedLock teamsTeams togetherTeam positionsShared explorationLock speedFull tech treeHidden civsTurbo modeCheats
Victory
Defeat
🇹🇷 Teutons · Türkiye
989
+15
🇮🇩 Magyars · Indonesia
970
-15
spock23
0:57 Loom
10:36 Feudal Age
16:37 Castle Age
16:25 Double-Bit Axe
16:25 Horse Collar
17:14 Town Watch
plt143
5:50 Loom
9:06 Feudal Age
9:39 Double-Bit Axe
9:43 Man-at-Arms
12:18 Arson
13:21 Horse Collar
21:00 Castle Age
19:47 Scale Mail Armor
20:19 Scale Barding Armor
20:46 Forging
21:31 Pikeman
Connection lost

Rejoining the realm…

Still unreachable

The connection could not be restored.

Session expired

The server has moved on; the page needs a fresh start.